Map: Acropolis LE

Players

TiPtOP

  • Race: Terran Terran
  • League: Silver
  • Spawn Location: 11:00

geo - Winner!

  • Race: Terran Terran
  • League: Silver
  • Spawn Location: 5:00

VOD

Have the link to the VOD?

Description

Time

  • Played on: Aug. 17, 2019, 12:11 a.m.
  • Length: 10:04
Show
View Real Time Build Order
Export as new Build Order

TiPtOP Terran 

Build Orders: Mech 

Get SALT Encoding   

  12  0:01  SCV  
  13  0:13  SCV  
  14  0:18  Supply Depot  
  14  0:26  SCV  
  15  0:40  SCV  
  15  0:42  Barracks  
  16  0:52  SCV  
  16  0:56  Refinery  
  17  1:04  SCV  
  18  1:16  SCV  
  19  1:25  Command Center  
  19  1:36  Orbital Command  
  19  1:39  Marine  
  20  1:51  Supply Depot  
  20  2:05  SCV  
  21  2:15  Factory  
  21  2:18  SCV  
  21  2:20  Refinery  
  22  2:31  SCV  
  23  2:38  Orbital Command  
  23  2:43  SCV  
  24  2:45  Barracks Tech Lab  
  24  2:55  SCV  
  25  2:58  Command Center  
  25  3:12  Supply Depot  
  25  3:41  SCV  
  25  3:42  SCV, Supply Depot  
  27  3:54  SCV x2  
  29  4:01  Supply Depot  
  29  4:08  SCV  
  30  4:10  Refinery  
  30  4:13  Siege Tank  
  33  4:20  SCV  
  33  4:21  Factory  
  34  4:27  Orbital Command  
  34  4:33  SCV  
  35  4:48  SCV  
  35  4:49  SCV  
  35  4:50  Engineering Bay  
  37  4:55  Siege Tank  
  40  5:01  SCV x2  
  42  5:13  SCV x2  
  44  5:20  Factory Reactor  
  44  5:22  Factory  
  44  5:25  SCV  
  45  5:30  Armory  
  45  5:32  Missile Turret  
  45  5:37  Missile Turret, SCV  
  46  5:43  Missile Turret  
  46  5:45  SCV, Orbital Command  
  46  5:49  SCV  
  48  5:55  Siege Tank  
  51  5:58  SCV  
  51  5:59  Hellion x2  
  51  6:01  SCV  
  56  6:10  Factory Reactor  
  25  6:53  SCV  
  24  7:05  Hellion, SCV  
  24  7:06  Hellion x2  
  35  7:10  SCV  
  36  7:17  Refinery, SCV  
  33  7:23  SCV  
  33  7:27  Hellion  
  36  7:33  Orbital Command  
  30  7:44  Hellion  
  30  7:45  Hellion  
  30  8:30  Missile Turret  
  30  8:40  SCV, Orbital Command  
  31  8:52  SCV  
  30  9:04  SCV  
  31  9:15  Barracks Reactor  
  31  9:17  SCV  
  32  9:23  Widow Mine  
  40  9:29  SCV  
  41  9:38  Missile Turret  
Show
View Real Time Build Order
Export as new Build Order

geo Terran - Winner!

Build Orders:  

Get SALT Encoding   

  12  0:03  SCV  
  13  0:19  Supply Depot  
  13  0:22  SCV  
  14  0:33  Refinery  
  14  0:34  SCV  
  15  0:46  SCV  
  15  0:47  Refinery  
  16  1:00  Barracks  
  16  1:05  SCV  
  17  1:15  Supply Depot  
  17  1:18  SCV  
  18  1:30  SCV  
  19  1:42  SCV  
  20  1:56  Factory  
  20  2:01  Supply Depot  
  20  2:06  Marine  
  21  2:23  Marine  
  22  2:41  Marine  
  22  2:43  SCV  
  24  2:47  Factory Tech Lab  
  24  2:52  Starport  
  24  2:55  SCV  
  25  2:59  Marine  
  25  3:04  Starport  
  26  3:07  SCV  
  27  3:17  Siege Tank, Marine  
  30  3:34  Supply Depot  
  30  3:35  Marine  
  30  3:37  Medivac  
  33  3:49  Siege Tank  
  33  3:52  Medivac  
  38  3:57  Marine  
  39  4:10  Supply Depot  
  39  4:15  Marine  
  40  4:18  SCV  
  41  4:33  Marine  
  42  4:39  Supply Depot  
  42  4:51  Marine  
  43  5:00  Starport Tech Lab  
  43  5:09  Marine  
  43  5:10  Orbital Command, Starport Tech Lab  
  44  5:27  Cloaking Field  
  44  5:31  Banshee  
  44  5:35  Banshee  
  50  5:42  Supply Depot  
  50  6:14  Banshee  
  46  6:48  Marine  
  47  7:06  Marine  
  48  7:23  Marine  
  46  7:41  Marine  
  44  8:31  Siege Tank  
  46  8:56  Barracks Reactor  
  46  9:02  Banshee  
  48  9:05  Banshee  
Tags
 
Composition
Mech
Matchup
TvT
Race
Terran
Spawn Locations
Cross Positions
Add a new tag
Caveats
  • Supply blocks, unpowered buildings, or Contaminate may cause inaccurate times.
  • Supply counts are checked every 10 seconds.